 Dungeon Crawl Stone Soup version 0.29.1-2-gbd0b4ee654 (webtiles) character file.

Game seed: 6128151389857940157

9 Jakazin the Poker (level 2, -1/24 HPs)
             Began as a Merfolk Berserker on Nov 30, 2022.
             Was a Follower of Trog.
             Slain by an adder (2 damage)
             ... on level 2 of the Dungeon.
             The game lasted 00:06:59 (280 turns).

Jakazin the Poker (Merfolk Berserker)                Turns: 280, Time: 00:07:00

Health: -1/24      AC:  2    Str: 17    XL:     2   Next: 12%
Magic:  2/2        EV: 12    Int:  6    God:    Trog [*.....]
Gold:   23         SH:  0    Dex: 13    Spells: 1/1 levels left

rFire   . . .      SeeInvis .   d - +1 spear (venom)
rCold   . . .      Faith    .   (no shield)
rNeg    . . .      Spirit   .   b - +0 animal skin
rPois   .          Reflect  .   (no helmet)
rElec   .          Harm     .   (no cloak)
rCorr   .          Rampage  .   (no gloves)
Will    .....                   (no boots)
Stlth   +.........              (no amulet)
HPRegen 0.08/turn               (no ring)
MPRegen 0.08/turn               (no ring)

@: lethally poisoned (-1 -> -6)
A: (nimble swimmer 2), mertail
a: Renounce Religion, Berserk


You were on level 2 of the Dungeon.
You worshipped Trog.
Trog was aware of your devotion.
You visited 1 branch of the dungeon, and saw 2 of its levels.

You collected 23 gold pieces.

Inventory:

Hand Weapons
 a - a +0 spear
 d - a +1 spear of venom (weapon)
Armour
 b - a +0 animal skin (worn)
Scrolls
 c - a scroll of teleportation {unknown}


   Skills:
 + Level 3.6 Fighting
 + Level 4.3 Polearms
 + Level 1.4 Armour
 + Level 2.8 Dodging


You had one spell level left.
You didn't know any spells.
Your spell library was empty.

Dungeon Overview and Level Annotations

Branches:
Dungeon (2/15)

Altars:

Shops:
D:1 !?*


Innate Abilities, Weirdness & Mutations

((You are very nimble when in or above water. (Stealth+, EV+, Speed+++)))
Your lower body shifts to a powerful aquatic tail in water.


Message History

You hit the goblin.
You kill the goblin!
Trog accepts your kill.
Things that are here:
a +0 club; a goblin corpse You now have 23 gold pieces (gained 9).
You open the door.
There is an open door here.
Found a glowing spear.
You see here a +1 spear of venom.
You don't know any spells.
Okay, then.
Okay, then.
Unknown command.
You aren't carrying any potions.
Your +1 spear of venom begins to drip with poison!
d - a +1 spear of venom (weapon)
Found a stone staircase leading down.
Found 5 stones.
There is a stone staircase leading down here.
An adder comes into view.
Found 2 amethyst potions and a glowing sling.
The adder hisses angrily.
You hear an angry hiss.
An adder comes into view.
The adder closely misses you. The adder attacks as you move away!
The adder barely misses you. The adder bites you.
You are poisoned.
The adder poisons you! The adder bites you.
* * * LOW HITPOINT WARNING * * *
You are lethally poisoned!
The adder poisons you!
* * * LOW HITPOINT WARNING * * *
You feel very sick.
* * * LOW HITPOINT WARNING * * *
You feel sick. The adder closely misses you.
There is a stone staircase leading down here.
* * * LOW HITPOINT WARNING * * *
You feel sick. The adder bites you.
You die...

...........
#.#..###...
........)..
#......)...
....(.....
#..######## .......#
##..#... .....#
###...#.######
#..!####.............
#..###...#....#######
##SS...###....'......
##.@.........#######
#######.....# #.....#
#.....# #.##+## #..
#.. #..


You could see 2 adders.

Vanquished Creatures
  A goblin (D:2)
  3 hobgoblins
  A quokka (D:1)
  A frilled lizard (D:1)
  A kobold (D:1)
  A rat (D:1)
8 creatures vanquished.

Notes
Turn   | Place    | Note
-------+----------+-------------------------------------------
     0 | D:1      | Jakazin the Merfolk Berserker began the quest for the Orb.
     0 | D:1      | Reached XP level 1. HP: 18/18 MP: 1/1
   109 | D:1      | Found Acvarit's Distillery.
   142 | D:1      | Found Roupriq's Assorted Antiques.
   155 | D:1      | Found Rizigote's Magic Scroll Emporium.
   191 | D:2      | Reached XP level 2. HP: 11/24 MP: 2/2
   280 | D:2      | HP: 1/24 [poisoned by an adder]
   280 | D:2      | Slain by an adder

Illustrated notes

Levels and vault maps discovered:
D:1:      ebering_trefoil_twist, layout_basic, shapermc_ecumenical_altar_petra,
          serial_shops, shop, nicolae_diamond_shop, shop, shop_statue,
          shop_fountains
D:2:      layout_basic, kennysheep_jessica_study, uniq_sigmund, uniq_terence

Action                   || total
-------------------------++-------
Melee: Spear             ||    29
Invok: Berserk           ||     1
Armor: Animal skin       ||     5
Dodge: Dodged            ||    23
